 Dungeon Crawl Stone Soup version 0.26-a0-812-g31a745ddcd (webtiles) character file.

Game seed: 10644204899257998911

53 kae the Insei (level 3, 0/30 HPs)
             Began as a Tengu Transmuter on Nov 23, 2020.
             Slain by a kobold
             ... wielding a +0 club
              (1 damage)
             ... on level 2 of the Dungeon.
             The game lasted 00:01:01 (2634 turns).

kae the Insei (Tengu Transmuter)                    Turns: 2634, Time: 00:01:02

Health: 0/30       AC:  5    Str: 11    XL:     3   Next: 87%
Magic:  7/7        EV: 13    Int: 13    God:
Gold:   94         SH:  0    Dex: 14    Spells: 2/6 levels left

rFire    . . .     SeeInvis .     - Unarmed
rCold    . . .     Faith    .   (no shield)
rNeg     . . .     Spirit   .   a - +0 robe
rPois    .         Reflect  .   (helmet restricted)
rElec    .         Harm     .   i - +2 cloak
rCorr    .         Rampage  .   (no gloves)
MR       .....                  (boots unavailable)
Stlth    ..........             (no amulet)
HPRegen  0.10/turn              (no ring)
MPRegen  0.10/turn              (no ring)

@: brilliant, berserking, lethally poisoned (0 -> -5), very quick
A: beak, talons 3
a: no special abilities


You were on level 2 of the Dungeon.
You visited 1 branch of the dungeon, and saw 3 of its levels.

You collected 94 gold pieces.

Inventory:

Armour
 a - a +0 robe (worn)
 i - a +2 cloak (worn)
Jewellery
 d - a +6 ring of strength {unknown}
 e - an uncursed amulet of faith
Scrolls
 c - a scroll of magic mapping {unknown}
 h - a scroll of fog {unknown}
Potions
 g - a potion of haste {unknown}


   Skills:
 + Level 1.5 Fighting
 + Level 2.5 Dodging
 * Level 3.8 Unarmed Combat
 + Level 2.3 Spellcasting
 * Level 2.1 Transmutations
 * Level 0.4 Poison Magic


You had 2 spell levels left.
You knew the following spells:

 Your Spells              Type           Power        Failure   Level
a - Beastly Appendage     Tmut           ##....       10%         1
b - Spider Form           Tmut/Pois      #.........   41%         3

Your spell library contained the following spells:

 Spells                   Type           Power        Failure   Level
 Wereblood                Tmut           ##......     16%         2
 Ice Form                 Ice/Tmut       #.......     83%         4
 Blade Hands              Tmut           ##........   95%         5


Dungeon Overview and Level Annotations

Branches:
Dungeon (3/15)

Altars:
Kikubaaqudgha


Innate Abilities, Weirdness & Mutations

You have a beak for a mouth.
You have claws for feet.


Message History

You feel sick. The kobold misses you. The rat barely misses you.
You are too berserk!
You are too berserk!
You hit the kobold. Your peck misses the kobold.
The kobold is severely wounded.
* * * LOW HITPOINT WARNING * * *
You feel sick. The kobold hits you but does no damage.
The rat closely misses you.
You barely miss the kobold.
The kobold is severely wounded.
The kobold closely misses you. The rat completely misses you.
You barely miss the kobold. You peck the kobold, but do no damage.
The kobold is severely wounded.
* * * LOW HITPOINT WARNING * * *
You feel sick. The kobold barely misses you. The rat barely misses you.
You closely miss the kobold.
The kobold is severely wounded.
You feel yourself speed up. The rat closely misses you.
The kobold hits you with a +0 club.
You die...

.(....### #......#
......# #......#
####### #......#
..# #......# #.#
#....>.# #)#
#......# #.####
#......# #....#
#......# ####.####
#r@K...# #....##
######## ####..##
##..##### ##.....##
#####..##
##############..###
..(...............#
###################


You could see a kobold and a rat.

Vanquished Creatures
  An adder (D:2)
  2 worms (D:2)
  A dart slug (D:1)
  A giant cockroach (D:1)
  5 goblins
  6 hobgoblins
  4 jackals (D:1)
  A quokka (D:2)
  A ball python (D:1)
  2 bats (D:1)
  2 frilled lizards
  5 kobolds
  3 rats
34 creatures vanquished.

Notes
Turn   | Place    | Note
-------+----------+-------------------------------------------
     0 | D:1      | kae the Tengu Transmuter began the quest for the Orb.
     0 | D:1      | Reached XP level 1. HP: 12/12 MP: 4/4
   211 | D:1      | Reached XP level 2. HP: 15/16 MP: 4/6
  1190 | D:2      | Reached XP level 3. HP: 20/20 MP: 5/7
  1527 | D:2      | Learned a level 3 spell: Spider Form
  2599 | D:3      | Found an ancient bone altar of Kikubaaqudgha.
  2633 | D:2      | HP: 1/30 [poisoned by kobold (curare-tipped dart)]
  2634 | D:2      | Slain by a kobold

Illustrated notes

Levels and vault maps discovered:
D:1:      elethiomel_arrival_shortcut, layout_basic
D:2:      layout_rooms, minmay_heptomino_l4
D:3:      minmay_chambers_of_twos, layout_basic, lemuel_round_altar,
          minmay_overflow_temple_star_hex

Skill      XL: |  1  2 |
---------------+-------+-----
Transmutations | 2 |  2.1
Fighting       | |  1.5
Dodging        | |  2.5
Unarmed Combat | |  3.8
Spellcasting   | |  2.3
Poison Magic   | |  0.4

Action                   || total
-------------------------++-------
Melee: Unarmed           ||    84
       Kick              ||    13
       Peck              ||    14
       Punch             ||     2
       Headbutt          ||     7
 Cast: Beastly Appendage ||    18
  Use: Potion            ||     2
Armor: Robe              ||     9
Dodge: Dodged            ||    65

Table legend: (Time is in decaauts)
 A = Elapsed time spent in this place.
 B = Non-inter-level travel time spent in this place.
 C = Inter-level travel time spent in this place.
 D = Time resting spent in this place.
 E = Time spent auto-exploring this place.
 F = Levels seen in this place.
 G = Mean time per level.
                   A        B        C        D        E       F      G
               +--------+--------+--------+--------+--------+-----+--------+
         Total |   2632 |   2525 |    107 |    251 |   2025 |   3 |  877.3 |
       Dungeon |   2632 |   2525 |    107 |    251 |   2025 |   3 |  877.3 |
               +--------+--------+--------+--------+--------+-----+--------+

Top non-repeatable levels by time:
     D:2: 1406 daAuts
     D:1: 1180 daAuts
     D:3: 45 daAuts
